AoeStats
← Dangerfyld

Arena

508716062Analyzed
2v2 RM · 9d ago on Sep 23, 2026· 60m 42s· 4 players
Game mode
Random Map
Map size
Medium (4 player)
Population
200
Speed
Normal
Resources
Standard
Victory
Conquest
Starting age
Dark Age
Ending age
Imperial Age
RankedLock teamsTeams togetherTeam positionsShared explorationLock speedFull tech treeHidden civsTurbo modeCheats
Victory
Defeat
🇦🇷 Japanese · Argentina
892
+17
🇦🇷 Cumans · Argentina
859
+18
🇦🇹 Persians · Austria
946
-18
🇦🇹 Franks · Austria
885
-17
Dangerfyld
11:41 Feudal Age
17:20 Castle Age
15:22 Double-Bit Axe
16:01 Horse Collar
16:36 Gold Mining
17:29 Stone Mining
18:58 Bow Saw
20:31 Stone Shaft Mining
32:30 Kamandaran
32:44 Loom
37:51 Heavy Plow
42:31 Crossbowman
43:14 Fletching
52:28 Wheelbarrow
52:39 Thumb Ring
60:55 Padded Archer Armor
61:06 Forging
60:57 Scale Mail Armor
Law
9:01 Loom
11:46 Feudal Age
12:14 Double-Bit Axe
15:06 Gold Mining
15:54 Stone Mining
17:22 Wheelbarrow
17:33 Wheelbarrow
20:26 Castle Age
21:55 Husbandry
23:19 Bow Saw
30:20 Imperial Age
28:54 Gold Shaft Mining
28:42 Scale Barding Armor
28:37 Scale Mail Armor
28:43 Scale Mail Armor
30:33 Chain Barding Armor
32:18 Cavalier
34:35 Hand Cart
35:57 Paladin
37:32 Pikeman
38:14 Squires
38:01 Arson
41:49 Plate Barding Armor
41:29 Chain Mail Armor
40:51 Halberdier
49:52 Ordonnance Companies
52:35 Plate Mail Armor
56:45 Light Cavalry
@ElBuche
2:59 Loom
10:49 Feudal Age
15:10 Castle Age
16:58 Scale Mail Armor
17:09 Forging
16:48 Double-Bit Axe
24:47 Pikeman
25:55 Chain Mail Armor
27:24 Iron Casting
39:41 Imperial Age
39:51 Elite Samurai
41:48 Plate Mail Armor
42:47 Wheelbarrow
42:54 Halberdier
45:00 Hand Cart
48:36 Blast Furnace
51:38 Gambesons
55:09 Bow Saw
57:35 Chemistry
TheVaper
5:50 Loom
11:20 Feudal Age
13:26 Wheelbarrow
14:33 Wheelbarrow
15:03 Double-Bit Axe
19:26 Gold Mining
19:28 Stone Mining
23:45 Castle Age
22:32 Bloodlines
24:31 Scale Barding Armor
24:37 Forging
26:37 Chain Barding Armor
26:52 Iron Casting
27:42 Horse Collar
34:48 Imperial Age
34:32 Hand Cart
35:27 Gold Shaft Mining
38:32 Steppe Husbandry
37:55 Elite Steppe Lancer
39:56 Chemistry
39:43 Bow Saw
40:25 Plate Barding Armor
40:51 Blast Furnace
46:52 Scale Mail Armor
47:05 Pikeman
47:46 Squires
47:32 Arson
50:23 Elite Skirmisher
51:57 Thumb Ring
Connection lost

Rejoining the realm…

Still unreachable

The connection could not be restored.

Session expired

The server has moved on; the page needs a fresh start.